Map: Eternal Empire LE

Players

INnoVation - Winner!

  • Race: Terran Terran
  • Spawn Location: 1:00

Serral

  • Race: Zerg Zerg
  • Spawn Location: 7:00

Event: IEM Katowice 2020

VOD

Have the link to the VOD?

Description

Time

  • Played on: Feb. 29, 2020, 10:20 a.m.
  • Length: 8:38

All games in this series

Show
View Real Time Build Order
Export as new Build Order

INnoVation Terran - Winner!

Build Orders: 2 Factory, Hellion Opening, Reaper Expand 

Get SALT Encoding   

  12  0:00  SCV  
  13  0:12  SCV  
  14  0:17  Supply Depot  
  14  0:24  SCV  
  15  0:38  SCV  
  15  0:40  Barracks  
  16  0:44  Refinery  
  16  0:50  SCV  
  17  1:03  SCV  
  18  1:15  SCV  
  19  1:27  Reaper, Orbital Command  
  20  1:40  Command Center  
  20  1:51  Supply Depot  
  20  1:52  SCV  
  21  1:58  Marine  
  22  2:04  SCV  
  22  2:08  Factory  
  23  2:13  Refinery  
  23  2:16  SCV  
  23  2:21  Barracks Reactor  
  24  2:29  SCV  
  25  2:41  SCV  
  26  2:49  Factory  
  26  2:53  SCV, Orbital Command  
  27  3:01  Hellion  
  27  3:03  Hellion  
  27  3:05  SCV  
  32  3:08  Starport  
  32  3:13  Barracks Tech Lab  
  32  3:17  SCV  
  32  3:19  SCV  
  34  3:25  Hellion x2  
  38  3:29  Supply Depot  
  38  3:32  Factory Tech Lab  
  38  3:35  Marine  
  39  3:45  Viking  
  41  3:49  Hellion x2  
  41  3:51  Infernal Pre-Igniter  
  41  3:54  Hellion  
  47  4:00  Supply Depot  
  47  4:01  Marine  
  48  4:04  SCV  
  49  4:12  Armory  
  49  4:13  Hellion  
  49  4:16  Hellion  
  53  4:25  Hellion  
  53  4:26  Medivac  
  53  4:27  Supply Depot  
  57  4:31  SCV  
  57  4:37  Hellion  
  60  4:39  Hellion  
  62  4:49  Hellion  
  62  4:50  Supply Depot  
  64  4:53  SCV x2  
  64  4:56  Medivac  
  68  5:03  Hellion  
  70  5:11  Hellion x2  
  71  5:14  SCV x2  
  69  5:24  Hellion  
  69  5:26  SCV  
  69  5:27  SCV  
  70  5:33  Hellion x2  
  72  5:39  SCV x2  
  74  5:46  Hellion  
  76  5:51  SCV x2, Liberator  
  76  5:54  Hellion  
  73  6:03  SCV x2  
  69  6:09  Stimpack, Marine  
  69  6:11  Hellion x2  
  68  6:15  SCV x2, Siege Tank  
  71  6:25  Command Center  
  71  6:27  SCV  
  71  6:28  SCV, Marine  
  71  6:29  Bunker  
  74  6:33  Barracks  
  74  6:37  Starport Reactor  
  74  6:40  SCV x2  
  74  6:41  Barracks  
  74  6:43  Refinery  
  74  6:44  Refinery, Factory Tech Lab  
  76  6:49  Engineering Bay x2, Marine  
  76  6:53  SCV x2  
  77  7:06  SCV  
  78  7:11  Supply Depot  
  78  7:15  Barracks  
  78  7:16  Barracks  
  78  7:25  Barracks Reactor, SCV, Marine  
  78  7:29  Marine  
  76  7:30  Marine  
  76  7:33  SCV, Siege Tank  
  82  7:37  SCV, Supply Depot  
  82  7:39  Orbital Command  
  82  7:42  Marine  
  82  7:43  Factory Tech Lab  
  84  7:50  Marine x2  
  86  7:51  Medivac x2  
  86  7:58  SCV x2  
  91  8:00  Supply Depot, Marine  
  91  8:01  Marine x2  
  91  8:03  Barracks Reactor  
  91  8:04  Barracks Reactor  
  95  8:08  Marine  
  99  8:17  Bunker  
  99  8:18  Marine x2  
  99  8:19  Marine x2  
Show
View Real Time Build Order
Export as new Build Order

Serral Zerg 

Build Orders: Hatch First 

Get SALT Encoding   

  12  0:00  Drone  
  13  0:13  Overlord  
  13  0:18  Drone  
  14  0:32  Drone x2  
  16  0:49  Hatchery  
  15  0:52  Drone  
  15  0:56  Drone  
  17  0:59  Drone  
  18  1:09  Extractor  
  17  1:14  Spawning Pool  
  17  1:18  Drone  
  17  1:21  Drone  
  18  1:28  Drone  
  19  1:39  Drone  
  20  1:49  Overlord  
  20  2:00  Queen  
  20  2:01  Queen  
  24  2:02  Zergling x4  
  26  2:12  Drone x2, Metabolic Boost  
  28  2:22  Drone  
  29  2:23  Drone  
  30  2:38  Hatchery  
  30  2:41  Drone  
  30  2:47  Queen  
  32  2:52  Overlord  
  32  2:55  Drone  
  32  2:57  Drone  
  34  2:59  Drone  
  34  3:01  Drone  
  36  3:10  Pneumatized Carapace  
  36  3:11  Drone x2  
  38  3:13  Drone  
  38  3:16  Drone  
  40  3:20  Overlord  
  40  3:23  Drone  
  40  3:26  Drone  
  42  3:30  Queen  
  44  3:39  Overlord  
  44  3:41  Drone x2  
  46  3:49  Zergling x4  
  46  3:51  Queen  
  46  3:53  Drone x2  
  52  3:56  Drone x2  
  52  3:59  Zergling x2  
  52  4:02  Drone x2  
  57  4:04  Overlord  
  57  4:05  Drone x2  
  57  4:09  Queen  
  59  4:14  Overlord  
  61  4:21  Zergling x2, Drone x2  
  61  4:22  Overlord, Drone  
  61  4:23  Drone  
  66  4:29  Lair  
  66  4:31  Extractor  
  65  4:34  Zergling x2  
  65  4:35  Drone x2  
  68  4:41  Roach Warren  
  68  4:43  Overlord  
  68  4:44  Zergling x4  
  69  4:52  Queen  
  69  4:53  Queen, Drone x2  
  75  5:04  Evolution Chamber  
  73  5:10  Zergling x10  
  73  5:14  Zergling x4  
  78  5:16  Zergling x6  
  75  5:22  Roach  
  75  5:24  Roach  
  75  5:25  Roach  
  75  5:28  Roach, Queen x2  
  75  5:30  Roach  
  75  5:35  Roach x2  
  78  5:38  Roach  
  78  5:40  Roach  
  79  5:47  Roach  
  76  5:51  Roach  
  76  5:54  Roach  
  75  5:59  Roach  
  75  6:04  Queen x2  
  76  6:11  Roach x2  
  76  6:19  Roach  
  76  6:24  Roach x2  
  82  6:25  Overseer  
  82  6:35  Extractor  
  82  6:36  Extractor  
  82  6:38  Roach x2  
  81  6:43  Overlord x2  
  81  6:46  Glial Reconstitution  
  81  6:49  Overlord  
  81  6:54  Overlord  
  76  7:18  Nydus Network  
  73  7:28  Drone x6  
  75  7:31  Drone  
  76  7:56  Nydus Canal  
  76  8:00  Ravager x2  
  76  8:03  Zergling x20  
  86  8:06  Ravager  
  86  8:10  Zergling x2  
  85  8:14  Zergling x2  
  85  8:17  Zergling x2  
  84  8:21  Zergling x2  
  84  8:24  Ravager  

Tags
 
Add a new tag
Caveats
  • Supply blocks, unpowered buildings, or Contaminate may cause inaccurate times.
  • Supply counts are checked every 10 seconds.